 Dungeon Crawl Stone Soup version 0.28.0 (webtiles) character file.

Game seed: 11808490564532973182

34 GrayStillPlays the Skirmisher (level 3, 0/19 (29) HPs)
             Began as a Demonspawn Fighter on Feb 13, 2022.
             Slain by a goblin (1 damage)
             ... on level 2 of the Dungeon.
             The game lasted 00:01:37 (1603 turns).

GrayStillPlays the Skirmisher (Demonspawn Fighter)  Turns: 1603, Time: 00:01:37

HP:   0/19 (29)     AC:  6    Str: 18    XL:     3   Next: 14%
MP:   3/3           EV:  9    Int:  9    God:
Gold: 43            SH:  4    Dex: 12    Spells: 2/2 levels left

rFire   . . .      SeeInvis .   a - +0 war axe {axe}
rCold   . . .      Faith    .   c - +0 buckler
rNeg    . . .      Spirit   .   b - +0 scale mail
rPois   .          Reflect  .   (no helmet)
rElec   .          Harm     .   (no cloak)
rCorr   .          Rampage  .   (no gloves)
Will    .....                   (no boots)
Stlth   ..........              (no amulet)
HPRegen 0.06/turn               (no ring)
MPRegen 0.08/turn               (no ring)

@: very heavily drained
A: weakness stinger 1
a: no special abilities


You were on level 2 of the Dungeon.
You visited 1 branch of the dungeon, and saw 2 of its levels.

You collected 43 gold pieces.


Innate Abilities, Weirdness & Mutations

You have a small tail.


   Skills:
 + Level 3.3 Fighting
 + Level 2.2 Axes
 + Level 3.0 Armour
 + Level 3.0 Shields


You had 2 spell levels left.
You didn't know any spells.
Your spell library was empty.

Inventory:

Hand Weapons
 a - a +0 war axe (weapon) {axe}
 k - a +2 short sword of draining {short}
   (You took it off a kobold on level 2 of the Dungeon)
Missiles
 e - 27 stones (quivered) {throwing}
 m - 2 boomerangs {throwing}
Armour
 b - a +0 scale mail (worn)
 c - a +0 buckler (worn)
Magical Staves
 h - a staff of cold {!astaff}
   (You found it on level 1 of the Dungeon)
Scrolls
 f - a scroll of blinking {unknown}
Potions
 d - a potion of might
 g - a potion of curing {unknown}
 i - a potion of magic {unknown}
 j - a potion of mutation {unknown}
 l - 2 potions of brilliance {unknown}

Dungeon Overview and Level Annotations

Branches:
Dungeon (2/15)

Altars:

Shops:
D:2 (

Annotations:
D:2 Robin

#.......<..#.....g... .
#.......####.........
..#.....)..###.........
...........).#..........
...........)...........#
....###gBg.#............
....###.8.......##......
... #.ggg.......##......
..
#.8@โˆฉรท......##......
#...........##......
.......8..#...>........
..........#####.........
..........# #.........
###.......# #.........
........## ...........
........# ............
....... ...........#.


You could see Robin, a giant cockroach, 2 hobgoblins and 2 goblins.


Message History

There are monsters nearby!
A hobgoblin, 2 goblins and a ball python come into view.
The goblin shouts! x3; The ball python hisses angrily.
You hear a shout! x2
A goblin comes into view. It is wielding a +0 club.
Robin and a goblin come into view.
Robin is wielding a +0 spear and carrying a wand of digging (8).
Robin shouts!
The goblin shouts! x2
Robin moves out of view.
Robin throws the goblin at you! You block the goblin's attack.
The goblin closely misses you.
You closely miss the goblin. The goblin hits you with a +0 club.
The hobgoblin hits you but does no damage.
You block the goblin's attack. ๐Ÿ˜• HP[-1]
You take 1 damage, and now have 13/14 hp.
You barely miss the goblin. You tail-slap the goblin.
You kill the goblin!
You barely miss the hobgoblin. The hobgoblin barely misses you.
You hear a zap.
You hear a grinding noise.
You block the goblin's attack.
Your Armour skill increases to level 3!
You closely miss the hobgoblin. You closely miss the goblin.
You block the hobgoblin's attack. The goblin barely misses you.
The hobgoblin hits you but does no damage.
You slash the goblin!
You kill the goblin!
You hit the hobgoblin. The hobgoblin barely misses you.
You slash the hobgoblin!
You kill the hobgoblin!
You hit the goblin.
Robin says, "My army is invincible!"
Robin roars a battlecry!
The goblins go into a battle-frenzy!
The goblin hits you but does no damage.
The ball python bites you but does no damage.
The ball python grabs you. The ball python constricts you.
The goblin hits you but does no damage.
You barely miss the goblin. You tail-slap the goblin.
You kill the goblin!
You closely miss the ball python.
The ball python bites you but does no damage.
The ball python constricts you. ๐Ÿ˜• HP[-1]
You take 1 damage, and now have 12/14 hp.
You closely miss the goblin.
Your tail-slap misses the goblin.
You closely miss the ball python. You block the ball python's attack.
The ball python constricts you. The goblin hits you but does no damage.
Robin zaps a wand.
Some rock shatters into small pieces.
The ball python bites you. The ball python constricts you.
The goblin barely misses you. ๐Ÿ˜ฎ HP[-2]
You take 2 damage, and now have 10/14 hp.
You slash the goblin!
You kill the goblin!
You hit the ball python.
You kill the ball python!
A hobgoblin comes into view.
A giant cockroach comes into view.
You have reached level 3!
Your experience leads to an increase in your attributes!
Increase (S)trength, (I)ntelligence, or (D)exterity?
You feel stronger. x2 ๐Ÿ˜ฎ HP[+4] MP[+1]
You now have 19 max hp (+5).
You regained 4 hp, and now have 14/19 hp.
Your mp is fully restored (3).
You slash the goblin!
You kill the goblin!
You closely miss the goblin. The goblin hits you but does no damage.
Robin hits you from afar with a +0 spear. ๐Ÿ˜ฎ HP[-1]
You take 1 damage, and now have 13/19 hp.
You barely miss the goblin. You hit the goblin.
The goblin hits you with a +0 dagger.
* * * LOW HITPOINT WARNING * * *
Robin barely misses you. The goblin barely misses you.
You block the goblin's attack. Robin throws the goblin at you!
* * * LOW HITPOINT WARNING * * *
The goblin hits you with a +0 club.
* * * LOW HITPOINT WARNING * * *
The goblin closely misses you.
You closely miss the goblin. You hit the goblin.
You kill the goblin!
You hit the goblin.
You kill the goblin!
You block Robin's attack. ๐Ÿ˜ฑ HP[-11]
You take 11 damage, and now have 2/19 hp.
MASSIVE DAMAGE!! (PAUSE) Robin throws the goblin at you!
* * * LOW HITPOINT WARNING * * *
The goblin hits you but does no damage. ๐Ÿ˜ฑ HP[-1]
You take 1 damage, and now have 1/19 hp.
Robin zaps a wand.
Some rock shatters into small pieces.
There is an escape hatch in the ceiling here.
You barely miss the goblin. You tail-slap the goblin.
The goblin no longer looks unusually strong. x2
You block the goblin's attack. The goblin hits you with a +0 club.
You die...

Skill      XL: |  1  2 |
---------------+-------+-----
Axes           | 2 |  2.2
Shields        | 3 |  3.0
Armour         | 3 |  3.0
Fighting       | |  3.3

Action                   || total
-------------------------++-------
Melee: War axe           ||    47
       Tailslap          ||     3
Armor: Scale mail        ||    25
Dodge: Dodged            ||    15
Block: Buckler           ||    20

Levels and vault maps discovered:
D:1:      lightli_iron_boxes, layout_basic
D:2:      layout_basic, nicolae_ecumenical_snake_handling, serial_shops,
          nicolae_shop_statue_plus, uniq_robin

Notes
Turn   | Place    | Note
-------+----------+-------------------------------------------
     0 | D:1      | GrayStillPlays the Demonspawn Fighter began the quest for
                  | the Orb.
     0 | D:1      | Reached XP level 1. HP: 18/18 MP: 1/1
     0 | D:1      | magus.rc [v1.9.6]
   909 | D:2      | Reached skill level 2 in Axes
   965 | D:2      | Found Haip's Weapon Shoppe.
   974 | D:2      | Gained mutation: You have a small tail. [demonic ancestry]
   974 | D:2      | Reached XP level 2. HP: 10/24 MP: 2/2
  1226 | D:2      | HP: 3/16 [kobold (4)]
  1226 | D:2      | HP: 1/15 [kobold (2)]
  1228 | D:2      | Reached skill level 3 in Shields
  1572 | D:2      | Noticed Robin
  1589 | D:2      | Reached skill level 3 in Armour
  1595 | D:2      | Reached XP level 3. HP: 14/19 MP: 3/3
  1596 | D:2      | HP: 2/19 [goblin (3)]
  1603 | D:2      | Slain by a goblin

Vanquished Creatures
  An adder (D:2)
  A worm (D:2)
  2 endoplasms
  9 goblins
  2 hobgoblins
  2 ball pythons
  A kobold (D:2)
  3 rats
21 creatures vanquished.

Table legend:
 A = Non-vault XP
 B = Vault XP
 C = Vault XP percentage of total XP
 D = Non-vault monster count
 E = Vault monster count
 F = Vault count percentage of total count
                 A         B        C        D         E       F
            +---------+---------+-------+---------+---------+-------
      Total |      34 |      15 |  30.6 |      13 |       8 |  38.1
            +---------+---------+-------+---------+---------+-------
        D:1 |       8 |       0 |   0.0 |       5 |       0 |   0.0
        D:2 |      26 |      15 |  36.6 |       8 |       8 |  50.0
            +---------+---------+-------+---------+---------+-------

Illustrated notes

Table legend:
 A = Kills in this place as a percentage of kills in entire the game.
 B = Kills by you in this place as a percentage of kills by you in the entire game.
 C = Kills by friends in this place as a percentage of kills by friends in the entire game.
 D = Other kills in this place as a percentage of other kills in the entire game.
 E = Experience gained in this place as a percentage of experience gained in the entire game.
 F = Experience gained in this place divided by the number of levels of this place that you have seen.
                   A       B       C       D       E      F
               +-------+-------+-------+-------+-------+----------------------
         Total | 100.0 | 100.0 |   N/A |   N/A | 100.0 |  24.5
       Dungeon | 100.0 | 100.0 |   N/A |   N/A | 100.0 |  24.5
               +-------+-------+-------+-------+-------+----------------------

Table legend: (Time is in decaauts)
 A = Elapsed time spent in this place.
 B = Non-inter-level travel time spent in this place.
 C = Inter-level travel time spent in this place.
 D = Time resting spent in this place.
 E = Time spent auto-exploring this place.
 F = Levels seen in this place.
 G = Mean time per level.
                   A        B        C        D        E       F      G
               +--------+--------+--------+--------+--------+-----+--------+
         Total |   1622 |   1603 |     19 |      0 |   1466 |   2 |  811.0 |
       Dungeon |   1622 |   1603 |     19 |      0 |   1466 |   2 |  811.0 |
               +--------+--------+--------+--------+--------+-----+--------+

Top non-repeatable levels by time:
     D:1: 908 daAuts
     D:2: 714 daAuts
